 Dungeon Crawl Stone Soup version 0.20.1-1-g8b1a95d (webtiles) character file.

639 FishFinger the Conjurer (level 7, -2/52 HPs)
             Began as a Demigod Conjurer on Aug 29, 2017.
             Slain by raetorn's ghost (7 damage)
             ... on level 4 of the Dungeon.
             The game lasted 00:27:36 (4408 turns).

FishFinger the Conjurer (Demigod Conjurer)          Turns: 4408, Time: 00:27:37

Health: -2/52      AC:  4    Str: 14    XL:     7   Next: 5%
Magic:  6/15       EV: 13    Int: 23    God:
Gold:   160        SH:  5    Dex: 16    Spells: 6/13 levels left

rFire    . . .     SeeInvis .   g - +0 mace (protect)
rCold    . . .     Gourm    .   (no shield)
rNeg     . . .     Faith    .   a - +0 robe
rPois    .         Spirit   .   (no helmet)
rElec    .         Reflect  +   (no cloak)
rCorr    .         Harm     .   (no gloves)
MR       .....                  p - +1 pair of boots
Stlth    ++........             k - +5 amulet of reflection
Regen    0.2/turn               h - +3 ring of strength
MPRegen  0.2/turn               (no ring)

@: no status effects
A: high mp 1
a: no special abilities


You were on level 4 of the Dungeon.
You were not hungry.

You visited 1 branch of the dungeon, and saw 6 of its levels.
You also visited: Ossuary.

You collected 160 gold pieces.

Inventory:

Hand Weapons
 d - a +1 spear
 e - a +0 short sword
 g - a +0 mace of protection (weapon)
 t - a +0 club
 v - a +0 hunting sling
 y - a -1 war axe
 z - a +0 flail
Missiles
 u - 23 poisoned needles
Armour
 a - a +0 robe (worn)
 p - a +1 pair of boots (worn)
Jewellery
 h - a +3 ring of strength (left hand)
 k - a +5 amulet of reflection (around neck)
Scrolls
 o - 3 scrolls of enchant weapon
 q - a scroll of amnesia
 w - a scroll of magic mapping
Books
 b - a book of Conjurations

   Spells                             Type                      Level
   a - Magic Dart                     Conjuration                  1
   b - Searing Ray                    Conjuration                  2
   c - Dazzling Spray                 Conjuration/Hexes            3
   d - Fulminant Prism                Conjuration/Hexes            4
   e - Force Lance                    Conjuration/Translocation    4
   f - Iskenderun's Mystic Blast      Conjuration                  4
Comestibles
 c - 2 bread rations
 f - a meat ration
 i - 8 chunks of flesh
 m - 5 royal jellies


   Skills:
 + Level 1.0 Fighting
 + Level 2.5 Maces & Flails
 + Level 0.6 Polearms
 + Level 2.6 Dodging
 + Level 3.0 Stealth
 + Level 3.5 Spellcasting
 + Level 5.7 Conjurations


You had 6 spell levels left.
You knew the following spells:

 Your Spells              Type           Power        Failure   Level  Hunger
a - Magic Dart            Conj           ####         1%          1    None
b - Searing Ray           Conj           ####..       1%          2    #......
c - Iskenderun's Mystic   Conj           ####....     11%         4    ####...


Dungeon Overview and Level Annotations

Branches:
Dungeon (6/15)
 Temple: D:4-7

Annotations:
D:4 raetorn's ghost, novice DrSk


Innate Abilities, Weirdness & Mutations

You have an increased reservoir of magic. (+10% MP)


Message History

Raetorn's ghost closely misses you. Raetorn's ghost hits you.
* * * LOW HITPOINT WARNING * * *
Casting: Magic Dart
Confirm with . or Enter, or press ? or * to list all spells.
Aiming: Magic Dart
Press: ? - help, Shift-Dir - straight line, f/p - raetorn's ghost
Aim: raetorn's ghost (severely damaged, inner flame)
The magic dart hits raetorn's ghost.
Raetorn's ghost is almost destroyed.
You block raetorn's ghost's attack.
Casting: Magic Dart
Confirm with . or Enter, or press ? or * to list all spells.
Aiming: Magic Dart
Press: ? - help, Shift-Dir - straight line, f/p - raetorn's ghost
Aim: raetorn's ghost (almost destroyed, inner flame)
The magic dart hits raetorn's ghost.
Raetorn's ghost is almost destroyed.
Raetorn's ghost hits you!
You die...

##.##.###.##..# #.# #.#
#.##..# #.# #.# #.....#
## #.# #.....#####.
#.###............
##...#.#.#######..
#.........####
#.....W......#
#$...@#...#..#
#....###.##..# #...##
#.##>.# #...# #.##..#
#.####...####.##..####.#
#.......)..)...........#
.....#.).#######..######
#####.#..# #..# <.###..
#....


You could see raetorn's ghost (inner flame).

Vanquished Creatures
  A phantom (D:5)
  A bullfrog (D:6)
  2 howler monkeys
  A crimson imp (D:6)
  2 hounds (D:6)
  8 mummies
  Terence (D:3)
  An orc wizard (D:4)
  3 gnolls (D:3)
  2 adders
  2 worms
  A dart slug (D:3)
  2 leopard geckos
  2 orcs (D:4)
  3 giant cockroaches
  3 goblins
  11 hobgoblins
  2 jackals (D:1)
  7 kobolds
  A quokka (D:3)
  7 bats
  2 frilled lizards
  11 rats
76 creatures vanquished.

Vanquished Creatures (others)
  A withered plant (Ossuary)
1 creature vanquished.

Grand Total: 77 creatures vanquished

Notes
Turn   | Place    | Note
-------+----------+-------------------------------------------
     0 | D:1      | FishFinger the Demigod Conjurer began the quest for the Orb.
     0 | D:1      | Reached XP level 1. HP: 14/14 MP: 5/5
   179 | D:1      | Reached skill level 4 in Conjurations
   239 | D:1      | Reached XP level 2. HP: 13/20 MP: 4/7
   500 | D:1      | Learned a level 2 spell: Searing Ray
  1205 | D:2      | Learned a level 2 spell: Searing Ray
  1469 | D:2      | Reached XP level 3. HP: 26/26 MP: 6/8
  2785 | D:3      | Reached XP level 4. HP: 28/33 MP: 1/10
  2816 | D:3      | Noticed Terence
  3075 | D:3      | Killed Terence
  3075 | D:3      | Reached skill level 5 in Conjurations
  3181 | D:3      | Learned a level 4 spell: Iskenderun's Mystic Blast
  3224 | D:3      | Reached XP level 5. HP: 38/38 MP: 0/12
  3528 | D:3      | You fall through a shaft for 3 floors!
  3528 | D:6      | Found a sand-covered staircase.
  3544 | Ossuary  | Entered an ossuary
  3596 | Ossuary  | Reached skill level 1 in Maces & Flails
  3606 | D:6      | Reached XP level 6. HP: 16/46 MP: 9/13
  4070 | D:6      | Reached skill level 1 in Fighting
  4076 | D:5      | Entered Level 5 of the Dungeon
  4206 | D:4      | Reached XP level 7. HP: 48/52 MP: 9/15
  4355 | D:4      | Noticed raetorn's ghost (novice DrSk)
  4408 | D:4      | Slain by raetorn's ghost

Skill      XL: |  1  2  3  4  5  6 |
---------------+-------------------+-----
Conjurations   | 4 5 |  5.7
Stealth        | 2 3 |  3.0
Spellcasting   | 2 3 |  3.5
Dodging        | 2 |  2.6
Maces & Flails | 1 2 |  2.5
Fighting       | 1 |  1.0
Polearms       | |  0.6

Action                   |  1- 3 |  4- 6 |  7- 9 || total
-------------------------+-------+-------+-------++-------
Melee: Spear             |    21 |    20 |       ||    41
       Unarmed           |     1 |       |       ||     1
       Mace              |       |    71 |    24 ||    95
 Cast: Magic Dart        |    61 |    39 |     7 ||   107
       Searing Ray       |    11 |    10 |     2 ||    23
       Iskenderun's Myst |       |     8 |     1 ||     9
  Use: Scroll            |     8 |     4 |     1 ||    13
       Potion            |       |     5 |       ||     5
 Stab: Sleeping          |       |     1 |       ||     1
  Eat: Chunk             |     2 |     4 |       ||     6
       Bread ration      |     1 |     1 |       ||     2
Armor: Robe              |     8 |    20 |    11 ||    39
Dodge: Dodged            |    28 |    64 |    14 ||   106
Block: Other             |     2 |    18 |     4 ||    24
